 Dungeon Crawl Stone Soup version 0.20-a0-709-gd40821f (console) character file.

41 nht the Charlatan (level 3, 0/28 HPs)
             Began as a Ghoul Artificer on Feb 21, 2017.
             Slain by an adder (1 damage)
             ... on level 2 of the Dungeon.
             The game lasted 00:02:22 (880 turns).

nht the Charlatan (Ghoul Artificer)                  Turns: 880, Time: 00:02:23

Health: 0/28       AC:  6    Str: 15    XL:     3   Next: 52%
Magic:  5/5        EV: 11    Int:  7    God:
Gold:   107        SH:  0    Dex:  9    Spells: 2/2 levels left

rFire    . . .     SeeInvis .   (no weapon)
rCold    + . .     Gourm    .   b - +0 leather armour
rNeg     + + +     Faith    .   (no shield)
rPois    ∞         Spirit   .   (no helmet)
rElec    .         Reflect  .   (no cloak)
rCorr    .         Harm     .   (no gloves)
MR       .....                  k - +2 pair of boots
Stlth    +.........             (no amulet)
Regen    0.1/turn               (no ring)
MPRegen  0.1/turn               (no ring)

@: rotting
A: rotting body, claws 1, carnivore 3, cold resistance 1, negative energy
resistance 3, slow regeneration 1, torment resistance, unbreathing
a: no special abilities


You were on level 2 of the Dungeon.
You were not hungry.

You visited 1 branch of the dungeon, and saw 2 of its levels.

You collected 107 gold pieces.

Inventory:

Hand Weapons
 a - a +0 short sword
Armour
 b - a +0 leather armour (worn)
 k - a +2 pair of boots (worn)
Jewellery
 m - an uncursed ring of fire
Wands
 c - a wand of flame (15/48)
 d - a wand of enslavement (15/24)
 e - a wand of random effects (7/48)
Scrolls
 i - a scroll of teleportation {unknown}
 l - a scroll of fear {unknown}
Comestibles
 f - a meat ration
 g - 4 chunks of flesh
 h - a royal jelly


   Skills:
 - Level 1.1 Fighting
 - Level 0.8 Short Blades
 - Level 1.7 Dodging
 - Level 1.1 Stealth
 + Level 4.0 Evocations


You had 2 spell levels left.
You didn't know any spells.

Dungeon Overview and Level Annotations

Branches:
Dungeon (2/15)

Altars:
Ru


Innate Abilities, Weirdness & Mutations

Your body is rotting away.
You thrive on raw meat.
You are immune to poison.
You have sharp fingernails.
You are carnivorous and can eat meat at any time.
Your flesh is cold resistant. (rC+)
You are immune to negative energy. (rN+++)
You regenerate slowly when monsters are visible.
You are immune to unholy pain and torment.
You can survive without breathing.


Message History

Something completely misses you.
You completely miss something. Something bites you but does no damage.
You completely miss something. Something bites you but does no damage.
You closely miss something. Something bites you.
You closely miss something.
Something bites you but does no damage. x2
You miss something. Something bites you.
You barely miss something. Something bites you.
You scratch something. Something bites you.
* * * LOW HITPOINT WARNING * * *
Something bites you.
* * * LOW HITPOINT WARNING * * *
You miss something. Something bites you.
* * * LOW HITPOINT WARNING * * *
You barely miss something. Something bites you but does no damage.
Eat one of 5 chunks of flesh? (ye/n/q)
You eat one of the 5 chunks of flesh.
This raw flesh tastes great!
Something bites you.
* * * LOW HITPOINT WARNING * * *
Something bites you.
You die...

█.█ █.█ .█
█.█ .█ █.█
.█ █.█ .█
█.█ .█ █.█
.█
█.███.████..
█_.@{S......
█████.......


███████ You could see an adder.

Vanquished Creatures
  2 worms (D:2)
  2 dart slugs (D:1)
  2 leopard geckos (D:1)
  3 giant cockroaches (D:1)
  5 goblins
  4 hobgoblins
  A kobold (D:1)
  A bat (D:1)
  A frilled lizard (D:1)
  7 rats (D:1)
28 creatures vanquished.

Notes
Turn   | Place    | Note
-------+----------+-------------------------------------------
     0 | D:1      | nht the Ghoul Artificer began the quest for the Orb.
     0 | D:1      | Reached XP level 1. HP: 16/16 MP: 1/1
    48 | D:1      | Reached skill level 3 in Evocations
    86 | D:1      | Reached XP level 2. HP: 9/23 MP: 3/3
   459 | D:1      | Reached XP level 3. HP: 28/28 MP: 4/4
   740 | D:2      | Reached skill level 4 in Evocations
   839 | D:2      | Found a sacrificial altar of Ru.
   880 | D:2      | HP: 1/28 [something (5)]
   880 | D:2      | Slain by an adder

Vault maps used:
D:1:      onia_arrival_larder
D:2:      wad_pebble_path, overflow_temple_1_default

Skill      XL: |  1  2  3 |
---------------+----------+-----
Evocations     | 3 4 |  4.0
Fighting       | |  1.1
Short Blades   | |  0.8
Dodging        | |  1.7
Stealth        | |  1.1

Action                   || total
-------------------------++-------
Melee: Short sword       ||    47
       Unarmed           ||   101
Evoke: Wand              ||     8
  Use: Potion            ||     1
 Stab: Distracted        ||     1
       Sleeping          ||     1
       Paralysed         ||     2
  Eat: Chunk             ||    12
Armor: Leather armour    ||    47
Dodge: Dodged            ||    66
